cohdb
Replays
Latest Replays
All Replays
Popular Replays
Top Player Replays
Match Explorer
How It Works
Community
CoH3 Stats
Reddit
Sign in to upload your games and track your stats! →
Sign in with Steam
Match 44511635
Unlisted
Match 44511635
Overview
Messages
Build Orders
End
Panzergrenadier Squad
Selects Battlefield Espionage Battlegroup
Kradschützen Motorcycle Team
Panzergrenadier Squad
Panzergrenadier Squad
Construct Light Support Kompanie
2.5-tonne Medical Truck
Selects 250/3 Funkpanzerwagen
Panzerjäger Mechanized Group
Fire Support Elements
Veteran Squad Leaders
Pak 38 Anti-tank Gun Team
Flakvierling Half-track
Selects Anti-Tank Incendiary Munitions
Vehicle Survival Package
Selects Sector Subterfuge Beacon
Selects Plunder
Assault Mechanized Group
Selects Sector Subterfuge Beacon
Selects Plunder
Pak 38 Anti-tank Gun Team
Dark Lord Cthulhu
HRE Wasnt German
DrewP
Dillbro
0
0
Comments
sign in to comment!
No comments posted yet!